 Dungeon Crawl Stone Soup version 0.28-a0-1080-g05a166d0ed (webtiles) character file.

Game seed: 16622727922471197147

151 siradein the Skirmisher (level 5, -5/47 HPs)
             Began as a Hill Orc Fighter on Dec 10, 2021.
             Slain by a gnoll (7 damage)
             ... on level 2 of the Dungeon.
             The game lasted 00:04:19 (1996 turns).

siradein the Skirmisher (Hill Orc Fighter)          Turns: 1996, Time: 00:04:19

Health: -5/47      AC:  7    Str: 21    XL:     5   Next: 33%
Magic:  5/5        EV:  9    Int:  8    God:
Gold:   133        SH:  4    Dex: 10    Spells: 4/4 levels left

rFire   . . .      SeeInvis .   a - +0 war axe
rCold   . . .      Faith    .   c - +0 buckler
rNeg    . . .      Spirit   .   b - +0 scale mail
rPois   .          Reflect  .   (no helmet)
rElec   .          Harm     .   (no cloak)
rCorr   .          Rampage  .   (no gloves)
Will    .....                   (no boots)
Stlth   ..........              (no amulet)
HPRegen 0.15/turn               (no ring)
MPRegen 0.09/turn               (no ring)

@: no status effects
A: no striking features
a: no special abilities


You were on level 2 of the Dungeon.
You visited 1 branch of the dungeon, and saw 3 of its levels.

You collected 133 gold pieces.

Inventory:

Hand Weapons
 a - a +0 war axe (weapon)
Armour
 b - a +0 scale mail (worn)
 c - a +0 buckler (worn)
Scrolls
 e - a scroll of teleportation {unknown}
 g - a scroll of fog {unknown}
 h - 2 scrolls of enchant weapon {unknown}
 j - a scroll of vulnerability {unknown}
Potions
 d - a potion of might
 f - a potion of attraction {unknown}
 i - a potion of curing {unknown}


   Skills:
 + Level 4.8 Fighting
 + Level 4.1 Axes
 + Level 4.2 Armour
 + Level 4.2 Shields


You had 4 spell levels left.
You didn't know any spells.
Your spell library contained the following spells:

 Spells                   Type           Power      Damage    Failure   Level
 Magic Dart               Conj           0%         1d3       75%         1
 Call Imp                 Summ           0%         N/A       86%         2
 Mephitic Cloud           Conj/Pois/Air  0%         N/A       98%         3


Dungeon Overview and Level Annotations

Branches:
Dungeon (3/15)

Altars:

Shops:
D:2 *


Message History

You are too injured to fight recklessly!
You hit the gnoll but do no damage.
The gnoll is moderately wounded.
The gnoll hits you with a +0 whip.
* * * LOW HITPOINT WARNING * * *
You hit the gnoll.
The gnoll is heavily wounded.
The gnoll hits you but does no damage.
You hit the gnoll but do no damage.
The gnoll is heavily wounded.
The gnoll hits you with a +0 whip.
* * * LOW HITPOINT WARNING * * *
The gnoll barely misses you.
You closely miss the gnoll.
The gnoll is heavily wounded.
The gnoll hits you but does no damage.
You closely miss the gnoll.
The gnoll is heavily wounded.
The gnoll barely misses you.
You barely miss the gnoll.
The gnoll is heavily wounded.
The gnoll hits you with a +0 whip.
* * * LOW HITPOINT WARNING * * *
You slash the gnoll!
You kill the gnoll!
You hit the gnoll but do no damage. You block the gnoll's attack.
You hit the gnoll.
The gnoll is lightly wounded.
The gnoll closely misses you. The gnoll hits you but does no damage.
You closely miss the gnoll.
The gnoll is lightly wounded.
The gnoll closely misses you.
You hit the gnoll but do no damage.
The gnoll is lightly wounded.
The gnoll hits you with a +0 flail.
* * * LOW HITPOINT WARNING * * *
You hit the gnoll.
The gnoll is heavily wounded.
The gnoll hits you with a +0 flail!
You die...

.#####...####.##..............#
##.#...#.#..#..#....(.........#
...##.##....##.####.(.........#
.#..#..#..#..#..# #...........##
###.##.##....##.###............#
.....#..#..###.................#
..##.##.####...###...(.........#
#).#..#..#...###.....)..########
...##.##...### #@###..........#
.###.....#######g###.......##.#
##...#####.......#............#
...#####.#.#....##............###
.####....#...<....g..............
####..................>..........
#......####.......####..........
##.#......##.......# #..........
#.........##.......# #..........


You could see a gnoll.

Vanquished Creatures
  6 adders (D:2)
  2 gnolls (D:2)
  2 worms (D:2)
  2 dart slugs (D:2)
  7 endoplasms
  5 giant cockroaches
  4 hobgoblins
  3 jackals (D:2)
  5 quokkas
  7 ball pythons
  6 bats
  5 frilled lizards
  6 goblins
  3 kobolds
  6 rats
69 creatures vanquished.

Notes
Turn   | Place    | Note
-------+----------+-------------------------------------------
     0 | D:1      | siradein the Hill Orc Fighter began the quest for the Orb.
     0 | D:1      | Reached XP level 1. HP: 19/19 MP: 1/1
   135 | D:1      | Reached XP level 2. HP: 24/27 MP: 2/2
   555 | D:1      | Reached XP level 3. HP: 33/33 MP: 3/3
  1180 | D:2      | Reached XP level 4. HP: 36/41 MP: 4/4
  1251 | D:2      | Found Jail's General Store.
  1830 | D:2      | Reached XP level 5. HP: 47/47 MP: 5/5
  1995 | D:2      | HP: 2/47 [gnoll (2)]
  1996 | D:2      | Slain by a gnoll

Illustrated notes

Levels and vault maps discovered:
D:1:      dpeg_arrival_pond, layout_rooms
D:2:      minmay_skewed_foursquare, layout_basic, serial_shops, shop,
          serial_glass, glass_columns_a, glass_columns_c,
          minmay_misc_feat_enclosed, minmay_tall_x
D:3:      layout_basic, trog_three_pillars_becter, serial_bayou_pond_c,
          nrook_mini_backslash, uniq_grinder

Skill      XL: |  1  2  3  4  5 |
---------------+----------------+-----
Axes           | 3 4 |  4.1
Fighting       | 4 |  4.8
Armour         | 4 |  4.2
Shields        | 4 |  4.2

Action                   |  1- 3 |  4- 6 || total
-------------------------+-------+-------++-------
Melee: War axe           |   105 |    80 ||   185
Armor: Scale mail        |    73 |    31 ||   104
Dodge: Dodged            |    66 |    39 ||   105
Block: Buckler           |    24 |    11 ||    35

Table legend: (Time is in decaauts)
 A = Elapsed time spent in this place.
 B = Non-inter-level travel time spent in this place.
 C = Inter-level travel time spent in this place.
 D = Time resting spent in this place.
 E = Time spent auto-exploring this place.
 F = Levels seen in this place.
 G = Mean time per level.
                   A        B        C        D        E       F      G
               +--------+--------+--------+--------+--------+-----+--------+
         Total |   2059 |   2022 |     37 |      0 |   1603 |   3 |  686.3 |
       Dungeon |   2059 |   2022 |     37 |      0 |   1603 |   3 |  686.3 |
               +--------+--------+--------+--------+--------+-----+--------+

Top non-repeatable levels by time:
     D:2: 1318 daAuts
     D:1: 735 daAuts
     D:3: 5 daAuts
